 Dungeon Crawl Stone Soup version 0.32-a0-22-g6ae6769602 (webtiles) character file.

Game seed: 3440245110863830907

71 PriceMaster the Caller (level 4, 0/27 HPs)
             Began as an Octopode Summoner on Jan 19, 2024.
             Slain by a goblin
             ... wielding a +0 club
             ... led by Robin
              (4 damage)
             ... on level 2 of the Dungeon.
             The game lasted 00:02:55 (1181 turns).

PriceMaster the Caller (Octopode Summoner)          Turns: 1181, Time: 00:02:56

Health: 0/27       AC:  1    Str:  7    XL:     4   Next: 24%
Magic:  6/7        EV: 13    Int: 19    God:
Gold:   107        SH:  0    Dex: 12    Spells: 6/7 levels left

rFire   . . .        b - +0 dagger (vamp)
rCold   . . .        (no shield)
rNeg    . . .        (helmet restricted)
rPois   .            (no amulet)
rElec   .            (no ring)
rCorr   .            (no ring)
SInv    .            (no ring)
Will    .....        (no ring)
Stlth   +++          (no ring)
HPRegen 0.24/turn    (no ring)
MPRegen 0.10/turn    (no ring)
                     (no ring)

%: no passive effects
@: no status effects
A: almost no armour, amphibious, 8 rings, camouflage 1, gelatinous body 1,
(nimble swimmer 1), tentacles
a: no special abilities


You were on level 2 of the Dungeon.
You visited 1 branch of the dungeon, and saw 2 of its levels.

You collected 107 gold pieces.

Inventory:

Hand Weapons
 b - a +0 vampiric dagger (weapon)
Potions
 a - a potion of magic


   Skills:
 + Level 0.1 Fighting
 + Level 0.4 Short Blades
 + Level 2.3 Dodging
 + Level 3.5 Stealth
 + Level 1.3 Unarmed Combat
 + Level 2.1 Spellcasting
 + Level 4.7 Summonings


You had 6 spell levels left.
You knew the following spells:

 Your Spells              Type           Power      Damage    Failure   Level
a - Summon Small Mammal   Summ           76%        N/A       2%          1

Your spell library contained the following spells:

 Spells                   Type           Power      Damage    Failure   Level
 Call Imp                 Summ           38%        N/A       3%          2
 Call Canine Familiar     Summ           19%        N/A       7%          3
 Summon Ice Beast         Ice/Summ       11%        N/A       19%         3
 Summon Blazeheart Golem  Fire/Summ      11%        N/A       54%         4
 Summon Lightning Spire   Summ/Air       11%        N/A       54%         4
 Summon Mana Viper        Hex/Summ       11%        N/A       87%         5
 Monstrous Menagerie      Summ           9%         N/A       100%        7


Dungeon Overview and Level Annotations

Branches:
Dungeon (2/15)

Altars:

Shops:
D:1 !

Annotations:
D:2 Robin


Innate Abilities, Weirdness & Mutations

You cannot wear most types of armour.
You are amphibious.
You can wear up to eight rings at the same time.
Your skin changes colour to match your surroundings (Stealth+).
Your rubbery body absorbs attacks. (AC +1, EV +1)
((You are camouflaged when in or above water. (Stealth+)))
You have tentacles for arms and can constrict up to eight enemies at once.


Message History

The goblin hits you but does no damage.
You hear a shout!
You hit the goblin. You grab the goblin.
The goblin is severely wounded.
You constrict the goblin.
You kill the goblin!
A goblin comes into view. It is wielding a +0 dagger.
A hobgoblin comes into view.
Robin throws the goblin at you! The goblin closely misses you.
The goblin hits you with a +0 club.
A goblin comes into view. It is wielding a +0 club.
Things that are here:
a +0 dagger; a goblin corpse You closely miss the goblin.
The hobgoblin shouts!
You grab the goblin.
You constrict the goblin, but do no damage.
Robin roars a battlecry!
The goblins go into a battle-frenzy!
The goblin hits you with a +0 club. The goblin barely misses you.
The goblin hits you with a +0 dagger.
You are too injured to fight recklessly!
Your magic is already full.
Casting: Summon Small Mammal (safe; 2% risk of failure)
Confirm with . or Enter, or press ? or * to list all spells.
You constrict the goblin. The goblin barely misses you.
The goblin hits you with a +0 club.
The goblin hits your rat with a +0 club.
The goblin hits you with a +0 club.
* * * LOW HITPOINT WARNING * * *
The goblin closely misses you. The hobgoblin hits you.
* * * LOW HITPOINT WARNING * * *
Okay, then.
As you read the scroll labelled NUNAL QIXZY, it crumbles to dust.
It is a scroll of brand weapon.
Your +0 dagger thirsts for the lives of mortals!
b - a +0 vampiric dagger (weapon)
You constrict the goblin. Robin throws the goblin at you!
The goblin hits you with a +0 club.
You die...

#.........
..........
####..... #(#...
#.#.#. # #.#.
############# #.#.
...<.....ggg######
#.#. #...g@grg.g.#
#. #.####g.ggg..
#. #.# #####.# #.
#########.# #.#.
......(...# #...
########..# ...
#..# #.. #..# #..
#..# #..


You could see Robin, 2 hobgoblins, 8 goblins and a friendly rat (summoned).

Vanquished Creatures
  An adder (D:2)
  4 dart slugs
  4 endoplasms
  6 giant cockroaches (D:1)
  5 goblins
  4 hobgoblins
  2 jackals (D:2)
  A quokka (D:1)
  4 ball pythons
  3 bats
  2 frilled lizards
  A kobold (D:1)
  2 rats
39 creatures vanquished.

Vanquished Creatures (collateral kills)
  2 dart slugs (D:1)
  A giant cockroach (D:1)
  A goblin (D:2)
  A jackal (D:2)
  A frilled lizard (D:1)
  2 rats
8 creatures vanquished.

Grand Total: 47 creatures vanquished

Notes
Turn   | Place    | Note
-------+----------+-------------------------------------------
     0 | D:1      | PriceMaster the Octopode Summoner began the quest for the
                  | Orb.
     0 | D:1      | Reached XP level 1. HP: 11/11 MP: 3/3
   190 | D:1      | Reached XP level 2. HP: 17/17 MP: 5/5
   391 | D:1      | Reached XP level 3. HP: 21/21 MP: 6/6
   518 | D:1      | Found Esuplikla's Distillery.
   556 | D:1      | Reached skill level 1 in Unarmed Combat
   616 | D:1      | Found a faded altar of an unknown god.
  1022 | D:2      | Reached XP level 4. HP: 25/27 MP: 7/7
  1175 | D:2      | Noticed Robin
  1181 | D:2      | Slain by a goblin

Illustrated notes

Levels and vault maps discovered:
D:1:      minmay_arrival_plants_in_alcoves, layout_loops_ring,
          hellmonk_ecumenical_altar_run_dry, serial_shops, shop,
          minmay_worlds_worst_comb
D:2:      layout_loops_ring, basic_altar, uniq_robin

Skill      XL: |  1  2  3 |
---------------+----------+-----
Stealth        | 3 |  3.5
Unarmed Combat | 1 |  1.3
Fighting       | |  0.1
Short Blades   | |  0.4
Dodging        | |  2.3
Spellcasting   | |  2.1
Summonings     | |  4.7

Action                     |  1- 3 |  4- 6 || total
---------------------------+-------+-------++-------
  Melee: Unarmed           |    34 |       ||    34
         Constrict         |    25 |     3 ||    28
         Tentacles         |    24 |     2 ||    26
         Dagger            |    60 |    10 ||    70
         Punch             |     1 |       ||     1
   Cast: Summon Small Mamm |    14 |     4 ||    18
    Use: Scroll            |       |     1 ||     1
   Stab: Sleeping          |    11 |     1 ||    12
         Distracted        |     1 |       ||     1
 Armour: Skin              |    30 |    15 ||    45
  Dodge: Dodged            |    50 |     9 ||    59

Table legend: (Time is in decaauts)
 A = Elapsed time spent in this place.
 B = Non-inter-level travel time spent in this place.
 C = Inter-level travel time spent in this place.
 D = Time resting spent in this place.
 E = Time spent auto-exploring this place.
 F = Levels seen in this place.
 G = Mean time per level.
                   A        B        C        D        E       F      G
               +--------+--------+--------+--------+--------+-----+--------+
         Total |   1179 |   1156 |     23 |     47 |    806 |   2 |  589.5 |
       Dungeon |   1179 |   1156 |     23 |     47 |    806 |   2 |  589.5 |
               +--------+--------+--------+--------+--------+-----+--------+

Top non-repeatable levels by time:
     D:1: 853 daAuts
     D:2: 326 daAuts
